 Dungeon Crawl Stone Soup version 0.31-a0-986-g5e6e4ef867 (webtiles) character file.

Game seed: 16801497456358686454

49 bmb222 the Changeling (level 3, -2/26 HPs)
             Began as a Demonspawn Shapeshifter on Nov 24, 2023.
             Slain by an adder (3 damage)
             ... on level 2 of the Dungeon.
             The game lasted 00:01:34 (1148 turns).

bmb222 the Changeling (Demonspawn Shapeshifter)     Turns: 1148, Time: 00:01:35

Health: -2/26      AC:  2    Str: 16    XL:     3   Next: 51%
Magic:  3/3        EV: 12    Int: 11    God:
Gold:   68         SH:  0    Dex: 12    Spells: 2/2 levels left

rFire   . .          .
                       - Unarmed
rCold   . . .        (no shield)
rNeg    . . .        a - +0 animal skin
rPois   .            (helmet currently unavailable)
rElec   .            (cloak currently unavailable)
rCorr   .            (gloves currently unavailable)
SInv    .            (boots currently unavailable)
Will    .....        (no amulet)
Stlth   +            (no ring)
HPRegen 0.24/turn    (no ring)
MPRegen 0.08/turn

%: no passive effects
@: lethally poisoned (-2 -> -9), beast-form
A: beast (slay +2), horns 1
a: Begin Untransformation


You were on level 2 of the Dungeon.
You were a hulking beast.
You visited 1 branch of the dungeon, and saw 3 of its levels.

You collected 68 gold pieces.

Inventory:

Armour
 a - a +0 animal skin (worn)
 n - a +0 cloak
Jewellery
 j - an amulet of magic regeneration
Talismans
 c - a beast talisman
 d - a flux talisman
Scrolls
 e - a scroll of revelation {unknown}
 f - a scroll of torment {unknown}
 h - a scroll of identify {unknown}
 l - a scroll of amnesia {unknown}
 m - a scroll of silence {unknown}
 o - 2 scrolls of teleportation {unknown}
 p - a scroll of immolation {unknown}
Potions
 b - a potion of lignification
 g - 3 potions of enlightenment {unknown}
 i - a potion of haste {unknown}
 k - a potion of heal wounds {unknown}


   Skills:
 + Level 1.0 Fighting
 * Level 0.3 Armour
 - Level 1.9 Dodging
 - Level 0.5 Stealth
 + Level 3.0 Unarmed Combat
 * Level 3.5 Shapeshifting


You had 2 spell levels left.
You didn't know any spells.
Your spell library contained the following spells:

 Spells                   Type           Power      Damage    Failure   Level
 Tukima's Dance           Hex            0%         N/A       71%         3
 Passage of Golubria      Tloc           0%         N/A       98%         4
 Yara's Violent Unravell  Hex/Tmut       0%         3d3       100%        5


Dungeon Overview and Level Annotations

Branches:
Dungeon (3/15)

Altars:

Shops:
D:2 =


Innate Abilities, Weirdness & Mutations

You are a hulking beast.
Your limbs bulge with bestial killing power. (Slay +2)
You have a pair of small horns on your head.


Message History

You see here a scroll labelled KOFEEX ZEGG.
p - a scroll labelled KOFEEX ZEGG The kobold throws a poisoned dart.
The poisoned dart hits you!
You are poisoned.
An adder comes into view.
You feel very sick. The quokka barely misses you.
You hit the kobold.
You kill the kobold!
You feel sick. The quokka bites you.
You hit the quokka.
You kill the quokka!
You feel sick.
You barely miss the adder.
You feel sick. The adder bites you.
You are more poisoned.
The adder poisons you!
You hit the adder.
The adder is heavily wounded.
You feel sick. The adder bites you. The adder closely misses you.
You are too injured to fight recklessly!
You are too injured to fight recklessly!
You barely miss the adder.
The adder is heavily wounded.
You feel sick. The adder bites you.
* * * LOW HITPOINT WARNING * * *
You miss the adder.
The adder is heavily wounded.
You feel sick. The adder barely misses you.
You hit the adder.
The adder is severely wounded.
You feel sick. The adder bites you.
* * * LOW HITPOINT WARNING * * *
You are lethally poisoned!
The adder poisons you!
You barely miss the adder.
The adder is severely wounded.
* * * LOW HITPOINT WARNING * * *
You feel very sick. The adder bites you.
You die...

.... #### . ##### ####
##### #...##...# #...##
#. #........# .....# ...
#........##
.....#########..........
................).......
......#####.....hS(.....
.....##..........##.....
........#####..###..#...
...#######............ #
..## ##..##..###.### .##
###..###..#
.#####...###...#
...............#
......#####....#


You could see an adder.

Vanquished Creatures
  An adder (D:3)
  A dart slug (D:1)
  A ball python (D:1)
  A bat (D:1)
  5 endoplasms (D:1)
  3 giant cockroaches (D:1)
  2 hobgoblins
  4 jackals (D:1)
  3 quokkas
  5 frilled lizards (D:1)
  4 goblins (D:1)
  2 kobolds
32 creatures vanquished.

Notes
Turn   | Place    | Note
-------+----------+-------------------------------------------
     0 | D:1      | bmb222 the Demonspawn Shapeshifter began the quest for the
                  | Orb.
     0 | D:1      | Reached XP level 1. HP: 15/15 MP: 1/1
   108 | D:1      | Gained mutation: You have a pair of small horns on your
                  | head. [demonic ancestry]
   108 | D:1      | Reached XP level 2. HP: 13/21 MP: 2/2
   443 | D:1      | Reached XP level 3. HP: 22/26 MP: 3/3
   706 | D:2      | Found Rumamn's One-of-a-Kind Rings.
  1148 | D:2      | HP: 1/26 [poisoned by an adder]
  1148 | D:2      | Slain by an adder

Illustrated notes

Levels and vault maps discovered:
D:1:      dpeg_arrival_tiny_f, layout_basic
D:2:      layout_rooms, serial_aquarium, aquarium_bridge_square
          [aquarium_subvault_balcony, aquarium_subvault_wall,
          aquarium_subvault_bridge, aquarium_subvault_wall], aquarium_window_1,
          aquarium_window_1, aquarium_window_fake, aquarium_window_1,
          aquarium_view_2g, aquarium_view_2b, aquarium_balcony_5b,
          nicolae_shop_unique_rings, minivault_19
D:3:      layout_loops_ring, ebering_ghost_sewer_d,
          shapermc_ecumenical_altar_notcrosses, nrook_uturn

Skill      XL: |  1  2  3 |
---------------+----------+-----
Shapeshifting  | 3 |  3.5
Unarmed Combat | 3 |  3.0
Fighting       | |  1.0
Armour         | |  0.3
Dodging        | |  1.9
Stealth        | |  0.5

Action                     || total
---------------------------++-------
  Melee: Unarmed           ||    87
         Punch             ||     3
         Headbutt          ||    10
   Stab: Sleeping          ||     1
 Armour: Animal skin       ||    42
  Dodge: Dodged            ||    51

Table legend: (Time is in decaauts)
 A = Elapsed time spent in this place.
 B = Non-inter-level travel time spent in this place.
 C = Inter-level travel time spent in this place.
 D = Time resting spent in this place.
 E = Time spent auto-exploring this place.
 F = Levels seen in this place.
 G = Mean time per level.
                   A        B        C        D        E       F      G
               +--------+--------+--------+--------+--------+-----+--------+
         Total |   1144 |   1136 |      8 |    183 |    714 |   3 |  381.3 |
       Dungeon |   1144 |   1136 |      8 |    183 |    714 |   3 |  381.3 |
               +--------+--------+--------+--------+--------+-----+--------+

Top non-repeatable levels by time:
     D:1: 694 daAuts
     D:2: 250 daAuts
     D:3: 198 daAuts
